 Dungeon Crawl Stone Soup version 0.30.1-11-g7821555f0a (webtiles) character file.

Game seed: 10073187492826266082

5211 Wiggles the Cleaver (level 10, -6/92 HPs)
             Began as a Minotaur Berserker on Nov 17, 2023.
             Was a High Priest of Trog.
             Mangled by an orc warrior
             ... wielding a +0 halberd
              (13 damage)
             ... in a bailey.
             The game lasted 00:09:58 (7632 turns).

Wiggles the Cleaver (Minotaur Berserker)            Turns: 7632, Time: 00:09:59

Health: -6/92      AC: 19    Str: 27    XL:     10   Next: 35%
Magic:  9/9        EV:  9    Int:  4    God:    Trog [*****.]
Gold:   870        SH:  0    Dex:  9    Spells: 9/9 levels left

rFire   . . .        p - +0 war axe (heavy)
rCold   . . .        (no shield)
rNeg    + . .        z - +0 plate armour
rPois   .            (helmet restricted)
rElec   .            k - +1 cloak
rCorr   .            l - +1 pair of gloves of Relativism {rN+}
SInv    .            (no boots)
Will    .....        (no amulet) Stlth
                     (no ring)
HPRegen 0.35/turn    (no ring)
MPRegen 0.11/turn

%: no passive effects
@: no status effects
A: horns 2, retaliatory headbutt
a: Renounce Religion, Berserk, Trog's Hand, Brothers in Arms


You were in a bailey.
You worshipped Trog.
Trog was extremely pleased with you.
You visited 1 branch of the dungeon, and saw 9 of its levels.
You also visited: Bailey.

You collected 870 gold pieces.

Inventory:

Hand Weapons
 p - a +0 heavy war axe (weapon)
Armour
 k - a +1 cloak (worn)
 l - the +1 pair of gloves of Relativism (worn) {rN+}
   (You acquired it on level 7 of the Dungeon)

   rN:        It protects you from negative energy.
 z - a +0 plate armour (worn)
Wands
 m - a wand of paralysis (3)
 o - a wand of light (25)
 s - a wand of iceblast (15)
Scrolls
 c - 2 scrolls of magic mapping
 e - a scroll of silence {unknown}
 r - 5 scrolls of teleportation
 u - a scroll of blinking
 w - 4 scrolls of vulnerability
Potions
 a - 3 potions of might
 b - 2 potions of invisibility
 d - a potion of lignification
 f - a potion of degeneration
 g - 2 potions of magic
 h - 4 potions of attraction
 i - 2 potions of haste
 j - 3 potions of heal wounds
 q - 8 potions of curing
 t - a potion of brilliance
 x - a potion of flight


   Skills:
 + Level 9.7 Fighting
 + Level 12.1 Axes
 + Level 10.3 Armour
 + Level 4.6 Dodging
 + Level 1.5 Stealth


You had 9 spell levels left.
You didn't know any spells.
Your spell library was empty.

Dungeon Overview and Level Annotations

Branches:
Dungeon (9/15)             Temple (0/1) D:7          Bailey (1/1)
   Lair: D:8-11         Orc: D:9-12

Altars:
Dithmenos
Elyvilon
Fedhas
Hepliaklqana
Ru
Zin

Shops:
D:4 :   D:5 ?


Innate Abilities, Weirdness & Mutations

You have a pair of horns on your head.
You reflexively headbutt those who attack you in melee.


Message History

The orc warrior is lightly wounded.
You hit the orc warrior.
The orc warrior hits you with a +0 spear!
The orc warrior hits you but does no damage.
The orc hits you but does no damage.
The orc warrior hits you with a +0 spear!
The orc warrior hits you with a +0 halberd.
The orc hits you from afar with a +0 spear.
You barely miss the orc warrior. You headbutt the orc warrior.
The orc warrior is moderately wounded.
You hit the orc warrior.
An orc knight comes into view. It is wielding a +0 glaive.
An orc comes into view. It is wielding a +0 halberd.
The orc warrior barely misses you. You furiously retaliate!
You headbutt the orc warrior! The orc warrior barely misses you.
The orc warrior hits you with a +0 halberd!
* * * LOW HITPOINT WARNING * * *
The orc hits you but does no damage.
The orc shouts!
You slash the orc warrior!
The orc warrior is heavily wounded.
You slash the orc warrior! The orc warrior barely misses you.
The orc warrior hits you but does no damage.
The orc warrior closely misses you. The orc hits you but does no damage.
You slash the orc warrior!
The orc warrior is severely wounded.
You closely miss the orc warrior.
The orc warrior hits you with a +0 spear.
* * * LOW HITPOINT WARNING * * *
An orc comes into view. It is wielding a +0 spear.
The orc warrior hits you but does no damage.
The orc warrior hits you with a +0 halberd!
* * * LOW HITPOINT WARNING * * *
The orc completely misses you.
The orc warrior hits you but does no damage.
The orc warrior hits you with a +0 halberd.
* * * LOW HITPOINT WARNING * * *
The orc hits you but does no damage.
The orc warrior hits you from afar with a +0 halberd!
You die...

#..# #o.# #..#
#oo# # #..# #.
#o.#
#..########o.#
#...8....8.@.##
.........o.)o.#
.####''####.$#
##........####..
.................
...........♣....
≈...#....#...♣♣♣
≈≈≈≈#....#≈≈≈≈≈♣♣#
≈≈≈ #....#≈≈≈≈≈≈≈#


You could see an orc knight, 3 orc warriors and 3 orcs.

Vanquished Creatures
  Sigmund (D:2)
  4 yaks (D:9)
  4 hogs (D:7)
  A human (D:7)
  Menkaure (D:4)
  3 water moccasins
  2 acid dragons
  An orc warrior (D:7)
  4 ogres
  5 phantoms
  7 kobold brigands
  Blork the orc (D:6)
  2 bullfrogs
  6 scorpions (D:5)
  5 killer bees (D:7)
  3 howler monkeys (D:8)
  3 hounds
  2 orc priests
  A gnoll bouda (D:7)
  A jelly (D:5)
  Crazy Yiuf (D:3)
  A sleepcap (D:5)
  Ijyb (D:3)
  5 orc wizards
  6 iguanas
  Robin (D:2)
  9 adders
  8 gnolls
  5 white imps
  An ufetubus (D:5)
  4 worms
  A dart slug (D:4)
  28 orcs
  5 bats
  3 endoplasms
  4 giant cockroaches
  15 goblins
  13 hobgoblins
  45 kobolds
  2 quokkas (D:5)
  3 ball pythons
  4 frilled lizards
  3 rats
225 creatures vanquished.

Notes
Turn   | Place    | Note
-------+----------+-------------------------------------------
     0 | D:1      | Wiggles the Minotaur Berserker began the quest for the Orb.
     0 | D:1      | Reached XP level 1. HP: 19/19 MP: 0/0
   202 | D:1      | Reached skill level 4 in Axes
   202 | D:1      | Reached XP level 2. HP: 13/27 MP: 1/1
   684 | D:2      | Reached ** piety under Trog
   685 | D:2      | Reached XP level 3. HP: 6/33 MP: 2/2
   946 | D:2      | Noticed Sigmund
   960 | D:2      | HP: 2/49 [poisoned by an adder]
   961 | D:2      | Killed Sigmund
   962 | D:2      | Reached skill level 5 in Fighting
   962 | D:2      | Reached skill level 5 in Axes
   962 | D:2      | Reached XP level 4. HP: 4/42 MP: 3/3
   962 | D:2      | Reached XP level 5. HP: 4/48 MP: 4/4
  1206 | D:2      | Noticed Robin
  1219 | D:2      | Killed Robin
  1444 | D:3      | Noticed Ijyb
  1455 | D:3      | Killed Ijyb
  1456 | D:3      | Reached skill level 6 in Axes
  1456 | D:3      | Reached XP level 6. HP: 56/56 MP: 5/5
  1645 | D:3      | Found a runed translucent door.
  1646 | D:3      | Noticed Crazy Yiuf
  1653 | D:3      | Killed Crazy Yiuf
  1888 | D:4      | Noticed Menkaure
  1893 | D:4      | Killed Menkaure
  1974 | D:4      | Reached skill level 7 in Axes
  1974 | D:4      | Reached XP level 7. HP: 61/62 MP: 6/6
  2062 | D:4      | Reached *** piety under Trog
  2118 | D:4      | Found Wodghefre's Book Boutique.
  2514 | D:5      | Entered Level 5 of the Dungeon
  2568 | D:5      | Reached skill level 8 in Axes
  2812 | D:5      | Reached skill level 5 in Armour
  2814 | D:5      | Reached XP level 8. HP: 71/71 MP: 7/7
  2847 | D:5      | Found Amioxzos's Magic Scroll Shoppe.
  3118 | D:5      | Reached skill level 9 in Axes
  3584 | D:6      | Reached **** piety under Trog
  3675 | D:6      | Noticed Blork the orc
  3684 | D:6      | Killed Blork the orc
  3741 | D:6      | Reached XP level 9. HP: 18/81 MP: 8/8
  3988 | D:6      | Found a blossoming altar of Fedhas.
  4306 | D:6      | Found a white marble altar of Elyvilon.
  4317 | D:6      | Found a sacrificial altar of Ru.
  4337 | D:6      | Found a glowing silver altar of Zin.
  4512 | D:6      | Reached skill level 10 in Axes
  4634 | D:7      | Found a staircase to the Ecumenical Temple.
  4903 | D:7      | Reached skill level 1 in Stealth
  5594 | D:7      | Reached skill level 11 in Axes
  6212 | D:7      | Identified a scroll of acquirement
  6212 | D:7      | Acquired the +1 pair of gloves of Relativism {rN+}
  6264 | D:8      | Reached XP level 10. HP: 91/91 MP: 9/9
  6365 | D:8      | Reached ***** piety under Trog
  6422 | D:8      | Identified the +9 flail of the Puffin {heavy, *Rage rN+++
                  | rCorr Str-3}
  6504 | D:8      | Found a hazy altar of Hepliaklqana.
  6505 | D:8      | Found a shadowy altar of Dithmenos.
  6974 | D:9      | Reached skill level 10 in Armour
  7075 | D:9      | HP: 1/91 [acid dragon/splash of acid (23)]
  7372 | D:9      | Reached skill level 12 in Axes
  7566 | D:9      | Found a flagged portal.
  7580 | Bailey   | Entered a bailey
  7630 | Bailey   | Noticed an orc knight
  7632 | Bailey   | Mangled by an orc warrior

Illustrated notes

Levels and vault maps discovered:
D:1:      nzn_arrival_crosshair, layout_loops_cross, solitary_fountain
D:2:      layout_rooms, grunt_ministairs_3, uniq_sigmund, uniq_robin
D:3:      layout_rooms, minmay_misc_feat_alley, uniq_crazy_yiuf_cottage,
          uniq_ijyb
D:4:      layout_loops_ring, serial_shops, shop, uniq_menkaure
D:5:      minmay_polygon_palace, layout_basic, serial_shops,
          nicolae_shop_crystal
D:6:      layout_basic, nicolae_overflow_quartered_altars, uniq_blork_the_orc
D:7:      layout_loops_corners, temple_fountains, grunt_livestock
D:8:      layout_rooms, riverfiend_overflow_shadow_ancestor
D:9:      nicolae_BIG_FREAKIN_CUBE, layout_basic, minmay_lair_entry_grove,
          enter_bailey_4, nicolae_shop_distant_corner_stores, uniq_maggie
Bailey:   bailey_polearm_elven_captive_hellmonk, bailey

Skill      XL: |  1  2  3  4  5  6  7  8  9 10 |
---------------+-------------------------------+-----
Axes           | 4 5 6 7 8 9 11 12 | 12.1
Fighting       | 4 5 6 7 9 |  9.7
Armour         | 3 5 7 9 10 | 10.3
Dodging        | 3 4 |  4.6
Stealth        | 1 |  1.5

Action                     |  1- 3 |  4- 6 |  7- 9 | 10-12 || total
---------------------------+-------+-------+-------+-------++-------
  Melee: Hand axe          |    62 |    78 |   278 |    46 ||   464
         Headbutt          |    11 |    13 |    47 |    11 ||    82
         War axe           |       |       |       |    61 ||    61
 Invoke: Berserk           |     2 |     3 |       |     1 ||     6
    Use: Scroll            |       |       |    17 |     3 ||    20
 Armour: Animal skin       |     8 |       |       |       ||     8
         Ring mail         |     6 |    13 |       |       ||    19
         Chain mail        |       |    34 |    73 |       ||   107
         Plate armour      |       |       |    34 |    89 ||   123
  Dodge: Dodged            |    37 |    48 |   107 |    71 ||   263
